 Dungeon Crawl Stone Soup version 0.28-a0-1415-g7c84da036a (webtiles) character file.

Game seed: 8214991826445222804

474 RepHenryClay the Ducker (level 7, -16/59 HPs)
             Began as a Gnoll Monk on Jan 7, 2022.
             Demolished by an ogre (27 damage)
             ... on level 4 of the Dungeon.
             The game lasted 00:07:13 (3682 turns).

RepHenryClay the Ducker (Gnoll Monk)                Turns: 3682, Time: 00:07:13

Health: -16/59     AC:  5    Str: 13    XL:     7   Next: 10%
Magic:  10/10      EV: 12    Int:  9    God:
Gold:   103        SH:  5    Dex: 14    Spells: 10/10 levels left

rFire   . . .      SeeInvis .   n - +1 rapier (vamp)
rCold   . . .      Faith    .   g - +1 buckler
rNeg    . . .      Spirit   .   r - +0 ring mail
rPois   .          Reflect  .   (no helmet)
rElec   .          Harm     .   (no cloak)
rCorr   .          Rampage  .   (no gloves)
Will    .....                   (no boots)
Stlth   ++........              (no amulet)
HPRegen 0.19/turn               (no ring)
MPRegen 0.12/turn               (no ring)

@: about to teleport, slowed, very slow
A: fangs 1, strong nose, distributed training
a: no special abilities


You were on level 4 of the Dungeon.
You visited 1 branch of the dungeon, and saw 4 of its levels.
You also visited: Sewer.

You collected 103 gold pieces.

Inventory:

Hand Weapons
 a - a +0 hand axe
 n - a +1 vampiric rapier (weapon)
Missiles
 k - 21 poisoned darts (quivered)
 m - 2 curare-tipped darts
Armour
 b - a +0 robe
 g - a +1 buckler (worn)
 r - a +0 ring mail (worn)
 v - a +0 pair of gloves
Scrolls
 d - a scroll of teleportation
 e - 3 scrolls of immolation
 t - a scroll of fog {unknown}
Potions
 c - 3 potions of lignification
 f - 3 potions of curing
 h - 2 potions of heal wounds
 i - 2 potions of might {unknown}
 j - a potion of brilliance {unknown}
 l - a potion of flight
 o - a potion of magic {unknown}
 p - a potion of resistance {unknown}
 q - a potion of invisibility {unknown}
 s - a potion of ambrosia {unknown}
 u - a potion of degeneration {unknown}


   Skills:
 + Level 6.9 Fighting
 + Level 2.2 Short Blades
 + Level 2.2 Long Blades
 + Level 6.9 Axes
 + Level 2.2 Maces & Flails
 + Level 2.2 Polearms
 + Level 2.2 Staves
 + Level 2.2 Slings
 + Level 2.2 Bows
 + Level 2.2 Crossbows
 + Level 2.2 Throwing
 + Level 2.2 Armour
 + Level 6.9 Dodging
 + Level 4.8 Stealth
 + Level 2.2 Shields
 + Level 2.2 Unarmed Combat
 + Level 2.2 Spellcasting
 + Level 1.8 Conjurations
 + Level 1.8 Hexes
 + Level 1.8 Summonings
 + Level 1.8 Necromancy
 + Level 1.8 Translocations
 + Level 1.8 Transmutations
 + Level 1.8 Fire Magic
 + Level 1.8 Ice Magic
 + Level 1.8 Air Magic
 + Level 1.8 Earth Magic
 + Level 1.8 Poison Magic
 + Level 2.5 Invocations
 + Level 2.2 Evocations


You had 10 spell levels left.
You didn't know any spells.
Your spell library contained the following spells:

 Spells                   Type           Power      Damage    Failure   Level
 Animate Skeleton         Necr           8%         N/A       38%         1
 Pain                     Necr           16%        1d4       38%         1
 Vampiric Draining        Necr           4%         2d6       77%         3


Dungeon Overview and Level Annotations

Branches:
Dungeon (4/15)             Temple (0/1) D:4           Sewer (visited)

Altars:
Lugonu

Annotations:
D:4 2 runed translucent doors


Innate Abilities, Weirdness & Mutations

You have very sharp teeth.
Your uncanny sense of smell can sniff out nearby items.
Your experience applies equally to all skills.


Message History

Aim: a gnoll, wielding a +0 spear (severely wounded, poisoned, 66% to hit)
You throw a poisoned dart. The poisoned dart hits the ball python.
The ball python looks even sicker.
The ball python is heavily wounded.
You kill the ball python!
The gnoll hits you from afar with a +0 spear!
Damage: -13%(-8hp) hp: 60%(35hp)
You kill the gnoll!
You open the door. The ogre hits you with a +0 giant club!
Found 16 arrows.
Huge Dmg: -21%(-12hp) hp: 41%(24hp)
Found a mace.
There is an open door here.
You see here 16 arrows.
The kobold brigand shouts!
The kobold brigand throws a curare-tipped dart.
The curare-tipped dart hits you.
You are poisoned.
You have difficulty breathing.
* * * LOW HITPOINT WARNING * * *
You feel yourself slow down.
Huge Dmg: -17%(-10hp) hp: 26%(15hp)
You feel better. The ogre barely misses you.
The kobold brigand hits you with a +0 dagger.
* * * LOW HITPOINT WARNING * * *
As you read the scroll of teleportation, it crumbles to dust.
You feel strangely unstable. The ogre closely misses you.
The kobold brigand hits you with a +0 dagger.
* * * LOW HITPOINT WARNING * * *
The iguana hisses menacingly.
You block the iguana's attack.
The gnoll hits you from afar with a +0 halberd!
* * * LOW HITPOINT WARNING * * *
Huge Dmg: -26%(-15hp) hp: 2%(1hp) Unknown command.
You feel much better.
The kobold brigand hits you with a +0 dagger.
* * * LOW HITPOINT WARNING * * *
The ogre hits you with a +0 giant club!!
You die...

****,,,.......*#.......
*,,,,,,.......*#.......
*,**,,,.......*#.......
*,,,,,,.......*#.......
***,*,*....Kg†##.......
*>,,,.....S..S.......
###+###########O.......
#.........# #.#......
#.)..@###.#####g######.
#...lOK....).)Ol.......
#..gg##.#.#(##########.
#....##+#.#.# #.
#...(#......###**** #.
###..'l..g....#,,,** #.
####......#.....,* #.
#......#.####** #.
####.....#*,,∆**#.


You could see a kobold brigand, an ogre, an iguana and 2 gnolls.

Vanquished Creatures
  4 kobold brigands (Sewer)
  2 gnolls (D:4)
  5 adders
  4 river rats
  5 worms
  3 dart slugs
  An orc (D:3)
  7 endoplasms
  4 giant cockroaches
  7 goblins
  3 hobgoblins
  4 jackals (D:2)
  2 quokkas (D:1)
  12 ball pythons
  5 bats
  3 frilled lizards
  11 kobolds
  6 rats
88 creatures vanquished.

Vanquished Creatures (others)
  A fungus (D:1)
1 creature vanquished.

Grand Total: 89 creatures vanquished

Notes
Turn   | Place    | Note
-------+----------+-------------------------------------------
     0 | D:1      | RepHenryClay the Gnoll Monk began the quest for the Orb.
     0 | D:1      | Reached XP level 1. HP: 23/23 MP: 1/1
    76 | D:1      | Reached XP level 2. HP: 19/29 MP: 2/2
   814 | D:1      | Found a faded altar of an unknown god.
  1422 | D:2      | Reached XP level 3. HP: 29/35 MP: 3/3
  1716 | D:2      | Reached skill level 1 in Invocations
  1833 | D:2      | Reached skill level 1 in Short Blades
  1833 | D:2      | Reached skill level 1 in Long Blades
  1833 | D:2      | Reached skill level 1 in Maces & Flails
  1833 | D:2      | Reached skill level 1 in Polearms
  1833 | D:2      | Reached skill level 1 in Staves
  1833 | D:2      | Reached skill level 1 in Slings
  1833 | D:2      | Reached skill level 1 in Bows
  1833 | D:2      | Reached skill level 1 in Crossbows
  1833 | D:2      | Reached skill level 1 in Throwing
  1833 | D:2      | Reached skill level 1 in Armour
  1833 | D:2      | Reached skill level 1 in Shields
  1833 | D:2      | Reached skill level 1 in Unarmed Combat
  1833 | D:2      | Reached skill level 1 in Spellcasting
  1833 | D:2      | Reached skill level 1 in Evocations
  1900 | D:2      | Reached XP level 4. HP: 36/41 MP: 5/5
  2653 | D:3      | Reached skill level 1 in Conjurations
  2653 | D:3      | Reached skill level 1 in Hexes
  2653 | D:3      | Reached skill level 1 in Summonings
  2653 | D:3      | Reached skill level 1 in Necromancy
  2653 | D:3      | Reached skill level 1 in Translocations
  2653 | D:3      | Reached skill level 1 in Transmutations
  2653 | D:3      | Reached skill level 1 in Fire Magic
  2653 | D:3      | Reached skill level 1 in Ice Magic
  2653 | D:3      | Reached skill level 1 in Air Magic
  2653 | D:3      | Reached skill level 1 in Earth Magic
  2653 | D:3      | Reached skill level 1 in Poison Magic
  2879 | D:4      | Found a glowing drain.
  2902 | D:4      | Reached XP level 5. HP: 37/47 MP: 6/6
  2931 | Sewer    | Entered a sewer
  3057 | Sewer    | Noticed a kobold brigand
  3071 | Sewer    | Killed a kobold brigand
  3099 | Sewer    | Noticed a kobold brigand
  3130 | Sewer    | Killed a kobold brigand
  3131 | Sewer    | Reached XP level 6. HP: 34/53 MP: 8/8
  3418 | Sewer    | Reached XP level 7. HP: 22/59 MP: 8/10
  3553 | D:4      | Found a large runed translucent door.
  3553 | D:4      | Found a large runed translucent door.
  3557 | D:4      | Found a corrupted altar of Lugonu.
  3681 | D:4      | HP: 1/59 [gnoll (11)]
  3682 | D:4      | Demolished by an ogre

Illustrated notes

Levels and vault maps discovered:
D:1:      lightli_arrival_chessboard, layout_loops_ring,
          shapermc_ecumenical_altar_ellora
D:2:      layout_loops_ring, chequers_hall_statues_corner_a
D:3:      layout_basic
D:4:      due_chaos_kobolds, layout_basic, minmay_temple_entry_statues_pillars,
          lightli_ossuary_entry_decrepit_ruins, portal_sewer_entry_a,
          minmay_ruptured

Skill      XL: |  1  2  3  4  5  6 |
---------------+-------------------+-----
Invocations    | 1 2 |  2.5
Short Blades   | 1 2 |  2.2
Long Blades    | 1 2 |  2.2
Maces & Flails | 1 2 |  2.2
Polearms       | 1 2 |  2.2
Staves         | 1 2 |  2.2
Slings         | 1 2 |  2.2
Bows           | 1 2 |  2.2
Crossbows      | 1 2 |  2.2
Throwing       | 1 2 |  2.2
Armour         | 1 2 |  2.2
Shields        | 1 2 |  2.2
Unarmed Combat | 1 2 |  2.2
Spellcasting   | 1 2 |  2.2
Evocations     | 1 2 |  2.2
Conjurations   | 1 |  1.8
Hexes          | 1 |  1.8
Summonings     | 1 |  1.8
Necromancy     | 1 |  1.8
Translocations | 1 |  1.8
Transmutations | 1 |  1.8
Fire Magic     | 1 |  1.8
Ice Magic      | 1 |  1.8
Air Magic      | 1 |  1.8
Earth Magic    | 1 |  1.8
Poison Magic   | 1 |  1.8
Fighting       | |  6.9
Axes           | |  6.9
Dodging        | |  6.9
Stealth        | |  4.8

Action                   |  1- 3 |  4- 6 |  7- 9 || total
-------------------------+-------+-------+-------++-------
Melee: Hand axe          |   111 |    16 |       ||   127
       Bite              |    10 |    12 |     1 ||    23
       Rapier            |       |   136 |    21 ||   157
Throw: Dart              |       |    43 |     3 ||    46
  Use: Scroll            |       |     7 |     4 ||    11
       Potion            |       |       |     3 ||     3
 Stab: Sleeping          |     7 |     3 |     1 ||    11
Armor: Robe              |     9 |     3 |       ||    12
       Ring mail         |       |    32 |     4 ||    36
Dodge: Dodged            |    64 |    85 |    20 ||   169
Block: Buckler           |     9 |    29 |     8 ||    46

Table legend: (Time is in decaauts)
 A = Elapsed time spent in this place.
 B = Non-inter-level travel time spent in this place.
 C = Inter-level travel time spent in this place.
 D = Time resting spent in this place.
 E = Time spent auto-exploring this place.
 F = Levels seen in this place.
 G = Mean time per level.
                   A        B        C        D        E       F      G
               +--------+--------+--------+--------+--------+-----+--------+
         Total |   3786 |   3524 |    262 |      0 |   2490 |   5 |  757.2 |
       Dungeon |   3085 |   2823 |    262 |      0 |   2184 |   4 |  771.2 |
         Sewer |    700 |    700 |      0 |      0 |    306 |   1 |  700.0 |
               +--------+--------+--------+--------+--------+-----+--------+

Top non-repeatable levels by time:
     D:1: 1274 daAuts
     D:2: 1086 daAuts
   Sewer: 700 daAuts
     D:3: 476 daAuts
     D:4: 247 daAuts
